 Dungeon Crawl Stone Soup version 0.31-a0-963-ga325b2283a (webtiles) character file.

Game seed: 2189365037893275677

1791302 Forgeling the Executioner (level 27, 230/230 HPs)
             Began as a Ghoul Wanderer on Oct 25, 2023.
             Was the Champion of Hepliaklqana.
             Escaped with the Orb
             ... and 3 runes on Oct 26, 2023!
             The game lasted 01:56:08 (61150 turns).

Forgeling the Executioner (Ghoul Wanderer)         Turns: 61150, Time: 01:56:09

Health: 230/230    AC: 58    Str: 28 (29) XL:     27
Magic:  31/31      EV: 21    Int:  3 (5)  God:    Hepliaklqana [******]
Gold:   3977       SH: 17    Dex: 23      Spells: 26/26 levels left

rFire   + + .        a - +9 broad axe (vamp)
rCold   + . .        o - +1 kite shield {rF+}
rNeg    + + +        x - +12 crystal plate armour
rPois   ∞            T - +0 hat of the Dice {Will+}
rElec   .            u - +1 cloak of Starlight {*Dazzle EV+4 Stlth--}
rCorr   +            c - +2 pair of gloves {Dex+3}
SInv    .            W - +3 pair of seven-league boots {Rampage+∞}
Will    +++..        w - amulet of Scepticism {RegenMP rCorr Dex+9 Stlth+} Stlth
                     k - ring of the Tortoise {AC+8}
HPRegen 0.58/turn    l - ring of protection from fire
MPRegen 0.62/turn

%: rampage+∞
@: studying 3 skills
A: reduced essence, claws 1, cold resistance 1, negative energy resistance 3,
inhibited regeneration, torment resistance 2, devour on kill
0: Orb of Zot
}: 3/15 runes: decaying, silver, gossamer
a: Renounce Religion, Recall Ancestor, Ancestor Identity, Transference, Idealise


You escaped.
You worshipped Hepliaklqana.
Hepliaklqana was exalted by your worship.
You visited 9 branches of the dungeon, and saw 47 of its levels.
You visited 1 bazaar.
You also visited: Ossuary and Ice Cave.

You collected 7477 gold pieces.
You spent 3500 gold pieces at shops.

Inventory:

Hand Weapons
 a - a +9 vampiric broad axe (weapon)
 b - a +7 heavy broad axe
Armour
 c - a +2 pair of gloves of dexterity (worn)
 o - a +1 kite shield of fire resistance (worn)
 u - the +1 cloak of Starlight (worn) {*Dazzle EV+4 Stlth--}
   (You acquired it on level 14 of the Dungeon)

   *Dazzle:   It may blind those who miss an attack against the wearer in melee
   combat.
   EV+4:      It affects your evasion (+4).
   Stlth--:   It makes you much less stealthy.
 x - a +12 crystal plate armour (worn)
 T - the +0 hat of the Dice (worn) {Will+}
   (You acquired it on level 14 of the Dungeon)

   Will+:     It increases your willpower.
 W - the +3 pair of seven-league boots (worn) {Rampage+∞}
   (You found it in an ice cave)

   Rampage+∞: When moving toward enemies, its wearer moves as far as possible,
   alerting their target en route.
Jewellery
 k - the ring of the Tortoise (left hand) {AC+8}
   (You bought it in a shop on level 1 of the Depths)

   [ring of protection]

   AC+8:      It affects your AC (+8).
 l - a ring of protection from fire (right hand)
 t - the macabre finger necklace {Finger+ rN+}
   (You found it on level 3 of the Elven Halls)

   [amulet of nothing]

   Finger+:   It enables you to equip an extra ring.
   rN+:       It protects you from negative energy.
 w - the amulet of Scepticism (around neck) {RegenMP rCorr Dex+9 Stlth+}
   (You acquired it on level 14 of the Dungeon)

   [amulet of magic regeneration]

   RegenMP:   It increases your rate of magic regeneration.
   Dex+9:     It affects your dexterity (+9).
   rCorr:     It protects you from acid and corrosion.
   Stlth+:    It makes you more stealthy.
 L - the ring of Alouq {rC++ Str+3 Int+6}
   (You found it on level 3 of the Vaults)

   [ring of intelligence]

   Str+3:     It affects your strength (+3).
   Int+6:     It affects your intelligence (+6).
   rC++:      It greatly protects you from cold.
Wands
 d - a wand of digging (20)
 e - a wand of paralysis (35)
 h - a wand of light (43)
 i - a wand of roots (18)
 y - a wand of mindburst (65)
Scrolls
 g - 11 scrolls of amnesia
 n - a scroll of brand weapon
 q - 2 scrolls of torment
 D - 2 scrolls of blinking
 E - 9 scrolls of fear
 F - 16 scrolls of fog
 K - 8 scrolls of immolation
 O - 6 scrolls of silence
 P - 8 scrolls of poison
 S - a scroll of summoning
 V - 7 scrolls of vulnerability
 X - 8 scrolls of revelation {@r4}
 Y - 18 scrolls of teleportation {@r3}
Potions
 f - 11 potions of enlightenment
 A - 3 potions of attraction
 B - 7 potions of brilliance
 C - 4 potions of cancellation
 G - 11 potions of ambrosia
 H - a potion of haste
 I - 8 potions of invisibility
 J - 24 potions of curing {@q1}
 M - 5 potions of might
 N - 11 potions of heal wounds {@q2}
 Q - 5 potions of magic
 R - 3 potions of resistance
Miscellaneous
 j - a sack of spiders
 m - a phantom mirror
 r - a phial of floods
 s - a tin of tremorstones (1/2)
 v - a lightning rod (4/4)


   Skills:
 + Level 22.5 Fighting
 - Level 3.6 Short Blades
 * Level 23.8 Axes
 - Level 2.1(15.9) Polearms
 - Level 4.7 Throwing
 + Level 19.5 Armour
 + Level 17.1 Dodging
 - Level 5.1 Stealth
 + Level 17.1 Shields
 - Level 13.0 Invocations
 - Level 10.0 Evocations


You had 26 spell levels left.
You didn't know any spells.
Your spell library contained the following spells:

 Spells                   Type           Power      Damage    Failure   Level
 Apportation              Tloc           0%         N/A       100%        1
 Foxfire                  Conj/Fire      0%         2x1d4     100%        1
 Kiss of Death            Conj/Necr      0%         2d5       100%        1
 Necrotise                Necr           0%         1d4       100%        1
 Sandblast                Erth           0%         2d4       100%        1
 Shock                    Conj/Air       0%         1d3       100%        1
 Slow                     Hex            0%         N/A       100%        1
 Call Imp                 Summ           0%         N/A       100%        2
 Cigotuvi's Dreadful Rot  Necr/Pois/Air  0%         N/A       100%        2
 Ensorcelled Hibernation  Hex/Ice        0%         N/A       100%        2
 Jinxbite                 Hex            0%         N/A       100%        2
 Passwall                 Tmut/Erth      0%         N/A       100%        2
 Scorch                   Fire           0%         2d5       100%        2
 Confusing Touch          Hex            0%         N/A       100%        3
 Dazzling Flash           Conj/Hex       0%         N/A       100%        3
 Gell's Gravitas          Tloc           0%         N/A       100%        3
 Hailstorm                Conj/Ice       0%         3d3       100%        3
 Ignite Poison            Fire/Tmut/Pois 0%         N/A       100%        3
 Inner Flame              Hex/Fire       0%         N/A       100%        3
 Ozocubu's Armour         Ice            0%         N/A       100%        3
 Sigil of Binding         Hex            0%         N/A       100%        3
 Stone Arrow              Conj/Erth      0%         3d7       100%        3
 Swiftness                Air            0%         N/A       100%        3
 Teleport Other           Tloc           0%         N/A       100%        3
 Tukima's Dance           Hex            0%         N/A       100%        3
 Vampiric Draining        Necr           0%         2d6       100%        3
 Airstrike                Air            0%         2d(0-16)  100%        4
 Anguish                  Hex/Necr       0%         N/A       100%        4
 Animate Armour           Summ/Erth      0%         N/A       100%        4
 Animate Dead             Necr           0%         N/A       100%        4
 Brom's Barrelling Bould  Conj/Erth      0%         2d3       100%        4
 Cause Fear               Hex            0%         N/A       100%        4
 Dimensional Bullseye     Hex/Tloc       0%         N/A       100%        4
 Dispel Undead            Necr           0%         3d6       100%        4
 Flame Wave               Conj/Fire      0%         2d4       100%        4
 Iskenderun's Mystic Bla  Conj/Tloc      0%         2d3       100%        4
 Leda's Liquefaction      Hex/Erth       0%         N/A       100%        4
 Manifold Assault         Tloc           0%         N/A       100%        4
 Passage of Golubria      Tloc           0%         N/A       100%        4
 Summon Ice Beast         Ice/Summ       0%         N/A       100%        4
 Vhi's Electric Charge    Tloc/Air       0%         N/A       100%        4
 Agony                    Necr           0%         N/A       100%        5
 Alistair's Intoxication  Tmut/Pois      0%         N/A       100%        5
 Borgnjor's Vile Clutch   Necr/Erth      0%         N/A       100%        5
 Freezing Cloud           Conj/Ice/Air   0%         6-21      100%        5
 Lee's Rapid Deconstruct  Erth           0%         3d4*      100%        5
 Metabolic Englaciation   Hex/Ice        0%         N/A       100%        5
 Silence                  Hex/Air        0%         N/A       100%        5
 Summon Forest            Summ/Tloc      0%         N/A       100%        5
 Summon Mana Viper        Hex/Summ       0%         N/A       100%        5
 Yara's Violent Unravell  Hex/Tmut       0%         3d3       100%        5
 Bombard                  Conj/Erth      0%         9d1       100%        6
 Death Channel            Necr           0%         N/A       100%        6
 Dispersal                Tloc           0%         N/A       100%        6
 Eringya's Noxious Bog    Tmut/Pois      0%         4d6       100%        6
 Plasma Beam              Fire/Air       0%         2x1d10    100%        6
 Simulacrum               Ice/Necr       0%         N/A       100%        6
 Starburst                Conj/Fire      0%         6d3       100%        6
 Summon Cactus Giant      Summ           0%         N/A       100%        6
 Enfeeble                 Hex            0%         N/A       100%        7
 Malign Gateway           Summ/Tloc      0%         N/A       100%        7
 Monstrous Menagerie      Summ           0%         N/A       100%        7
 Ozocubu's Refrigeration  Ice            0%         4d7       100%        7
 Spellforged Servitor     Conj/Summ      0%         N/A       100%        7
 Disjunction              Tloc           0%         N/A       100%        8
 Lehudib's Crystal Spear  Conj/Erth      0%         10d2      100%        8
 Chain Lightning          Conj/Air       0%         N/A       100%        9


Dungeon Overview and Level Annotations

Branches:
Dungeon (15/15)            Temple (0/1) D:7            Lair (5/5) D:8
  Swamp (4/4) Lair:2       Spider (4/4) Lair:2        Slime (0/5) Lair:5
    Orc (2/2) D:12            Elf (3/3) Orc:2        Vaults (5/5) D:13
  Crypt (0/3) Vaults:2     Depths (4/4) D:15            Zot (5/5) Depths:4
Ossuary (visited)           IceCv (visited)

Altars:
Ashenzari
Cheibriados
Dithmenos
Fedhas
Hepliaklqana
Kikubaaqudgha
Makhleb
Okawaru
Qazlal
Trog
Uskayaw
Vehumet
Wu Jian
Yredelemnul
Jiyva

Shops:
D:3 ?   D:4 *   D:9 (   D:10 [   D:11 *   Orc:2 ![!:   Vaults:1 (   Vaults:2 (
Depths:1 *   Depths:3 *

Portals:
Hell: Depths:1 Depths:2 Depths:3 Depths:4
Abyss: Depths:1 Depths:3
Pandemonium: Depths:2 Depths:4
Ziggurat: Depths:3

Annotations:
Zot:1 2 transporters, Vaid's ghost, master GnFi


Innate Abilities, Weirdness & Mutations

Your life essence is reduced to manifest your ancestor. (-10% HP)
You are immune to poison.
You have sharp fingernails.
Your flesh is cold resistant. (rC+)
You are immune to negative energy. (rN+++)
You do not regenerate when monsters are visible.
You are immune to unholy pain and torment.
You thrive by killing the living.


Message History

You climb upwards.
There is a stone staircase leading down here.
A smoke demon comes into view.
You see here a +0 dagger.
You slice the smoke demon!!
The smoke demon is severely wounded.
You slice the smoke demon!!
You kill the smoke demon!
No target in view!
No target in view!
You see here a +0 club.
There is a stone staircase leading up here.
You climb upwards.
There is a stone staircase leading down here.
You see here a +0 dagger.
What level of the Dungeon? (default 1, ? - help)
You see here a gnoll skeleton.
A tormentor comes into view.
The tormentor roars!
There is a stone staircase leading up here.
You slash the tormentor!
The tormentor is moderately wounded.
You slash the tormentor!
The tormentor is heavily wounded.
You slash the tormentor!
The tormentor is severely wounded.
You slice the tormentor!!
You kill the tormentor!
No target in view!
No target in view!
What level of the Dungeon? (default 1, ? - help)
You climb upwards.
There is a stone staircase leading down here.
Aiming: Dig
Press: ? - help, Shift-Dir - straight line A rock wall.
This square is covered in magical glow.
The rock shatters into small pieces.
There is a staircase leading out of the dungeon here.
You have escaped!

.....#...................#
#.#
#....####.#.####.####.##.#
#.# .................#
#..#.# #.#
#...#####...####.####..# #
#.# #..######...#
#.......# #.#
...........## #.#######.#
#.# .###########
#.........# #.# ...##
#.######### #.# ##..#
######@###### #.# ###.#
#...........# #.#
###.#######+####'####+#
#.# .##.#.......# #..# #.#
#.# ......#####.# #..# #.#
##.# .##...# #.# #..#
#.######..# .###..#
#.###.#####.......(##
.###..##
#.##...)........####
.......# #...............#


There were no monsters in sight!

Vanquished Creatures
  3 dread liches
  Mennas (Vaults:5)
  2 ancient liches
  A pandemonium lord (Zot:3)
  4 orbs of fire
  A juggernaut (Depths:2)
  A shard shrike (Zot:2)
  4 curse toes
  6 Killer Klowns
  3 caustic shrikes
  The ghost of Feloef the Victor of a Thousand Battles, a veteran GnWn of Okawaru (Depths:4)
  5 golden dragons
  2 bone dragons
  Arachne (Spider:4)
  8 tentacled monstrosities
  Jorgrun (Elf:2)
  A Brimstone Fiend (Zot:3)
  An electric golem (Zot:5)
  3 liches (Zot:1)
  2 deep elf master archers (Elf:3)
  Asterion (Spider:4)
  2 titans (Vaults:5)
  3 deep elf blademasters
  22 Orb Guardians
  2 sphinxes
  5 quicksilver dragons
  Kirke (Spider:2)
  Agnes (Elf:2)
  7 death cobs
  2 thorn hunters (Swamp:2)
  11 storm dragons
  A tengu reaver (Vaults:5)
  4 shadow dragons
  Roxanne (D:14)
  A fenstrider witch (Swamp:3)
  13 draconian monks
  5 frost giants
  A fenstrider witch (shapeshifter) (Vaults:5)
  7 fire giants
  The ghost of Stellion the Thaumaturge, an adept HuCj of Vehumet (Elf:2)
  2 draconian knights
  4 draconian shifters
  An iron dragon (Vaults:5)
  4 deep elf sorcerers
  4 emperor scorpions
  Louise (Depths:1)
  3 broodmothers
  5 ghost moths
  5 deep elf elementalists (Elf:3)
  15 vault wardens
  A spriggan defender (Depths:2)
  14 draconian scorchers
  8 draconian stormcallers
  3 orc warlords
  16 ironbound preservers
  4 formless jellyfish
  9 very ugly things
  9 stone giants
  10 draconian annihilators
  3 war gargoyles
  4 ironbound thunderhulks
  A vampire knight (Depths:4)
  An eleionoma (Swamp:3)
  11 green draconians
  13 red draconians
  12 yellow draconians
  Azrael (Spider:2)
  5 dire elephants
  7 deep elf annihilators
  5 deep elf demonologists
  23 black draconians
  13 white draconians
  16 purple draconians
  A bunyip (Swamp:2)
  9 spark wasps
  3 deep elf death magi (Elf:3)
  3 jiangshi (Depths:1)
  2 blizzard demons (IceCv)
  6 fire dragons
  13 ettins
  3 crystal guardians
  10 yaktaur captains
  2 entropy weavers
  20 vault guards
  5 great orbs of eyes
  22 hydras
  3 rakshasas
  2 deep elf high priests
  3 ghost crabs
  7 ice dragons
  Harold (Lair:1)
  A hell beast (Depths:4)
  4 ogre magi
  5 spriggan air magi
  3 peacekeepers
  5 ironbound frosthearts
  7 alligators
  8 centaur warriors
  3 radroaches
  2 jorogumos
  3 catoblepae (Lair:5)
  23 dancing weapons
  7 two-headed ogres
  20 death yaks
  3 deep troll shamans
  6 tengu warriors
  6 boulder beetles
  9 deep troll earth magi
  A hell hog (Depths:2)
  2 occultists (Depths:3)
  2 vampire magi
  5 spriggan berserkers
  11 demonic crawlers
  3 soul eaters (Zot:3)
  Nergalle (Orc:2)
  6 sun demons
  3 hell knights
  A storm dragon zombie (Depths:3)
  6 iron trolls
  A skyshark (shapeshifter) (Vaults:1)
  6 pharaoh ants
  6 deep elf knights
  A salamander mystic (Depths:2)
  3 sun moths
  A fire crab (shapeshifter) (D:13)
  5 goliath frogs
  6 spriggan druids
  A skeletal warrior (D:12)
  56 deep trolls
  A spark wasp zombie (Depths:3)
  6 orb spiders
  A shadow demon (Depths:4)
  A flayed ghost (Depths:2)
  A death drake (Zot:3)
  2 glowing orange brains
  6 swamp dragons (Swamp:4)
  2 deep elf archers
  5 steelbarb worms
  An obsidian statue (IceCv)
  5 bog bodies
  17 ironbound convokers
  10 spriggan simulacra (IceCv)
  5 phantasmal warriors
  3 orc knights (Vaults:4)
  5 harpies (Vaults:4)
  3 lindwurms
  The ghost of CowFu the Basher, a novice GnWn of Okawaru (D:6)
  5 arcanists
  18 deep elf pyromancers
  6 necromancers
  18 wolf spiders
  A tengu skeleton (Depths:3)
  7 orc sorcerers
  19 deep elf zephyrmancers
  4 will-o-the-wisps
  21 moths of wrath
  2 salamanders (Depths:2)
  An oklob plant (Lair:3)
  A faun (shapeshifter) (D:12)
  A shining eye (Depths:2)
  26 ugly things
  2 shadow dragon skeletons (Zot:3)
  6 cyclopes
  8 manticores
  27 elephants
  A guardian serpent (shapeshifter) (Elf:1)
  Maurice (D:9)
  2 rust devils
  2 smoke demons
  15 torpor snails
  16 vault sentinels
  An eye of devastation (Depths:2)
  8 black mambas
  An orange demon (D:9)
  3 storm dragon simulacra
  A gargoyle (D:14)
  Joseph (D:7)
  12 cane toads
  A cane toad (shapeshifter) (D:13)
  Jeremiah (D:9)
  An eye of devastation (shapeshifter) (Vaults:5)
  3 unseen horrors
  4 rime drakes
  8 freezing wraiths
  22 yaktaurs
  A tormentor (D:2)
  14 komodo dragons
  7 ice devils (IceCv)
  A yaktaur (shapeshifter) (D:13)
  7 tengu conjurers
  2 anaconda simulacra (IceCv)
  A queen bee (shapeshifter) (Elf:2)
  A golden dragon simulacrum (IceCv)
  4 tyrant leeches
  A queen bee (D:15)
  4 meliai
  5 trolls
  5 polar bears
  A hornet (shapeshifter) (Vaults:5)
  18 hornets
  A shadow dragon simulacrum (Zot:4)
  An alligator simulacrum (IceCv)
  A blink frog (shapeshifter) (Elf:1)
  A tarantella (shapeshifter) (Elf:3)
  35 tarantellas
  Prince Ribbit (D:7)
  7 blink frogs
  Grinder (D:2)
  2 glass eyes
  A dream sheep (Lair:4)
  A draconian simulacrum (Zot:4)
  16 slime creatures
  A spriggan (shapeshifter) (Vaults:5)
  24 culicivoras
  30 jumping spiders
  A slime creature (shapeshifter) (Depths:2)
  2 shadows
  56 yaks
  2 air elementals (Elf:3)
  A wraith (D:10)
  11 spriggans
  9 water elementals
  3 dire elephant simulacra (IceCv)
  A vampire (D:11)
  2 fire elementals
  A human (shapeshifter) (Elf:2)
  3 wyverns
  74 redbacks
  2 basilisks
  A steam dragon (Lair:1)
  Grum (D:11)
  9 vampire mosquitoes
  A harpy simulacrum (IceCv)
  4 minotaur simulacra (IceCv)
  2 wargs
  Menkaure (D:7)
  An acid dragon (D:12)
  3 hydra simulacra
  12 swamp worms
  18 water moccasins
  5 hell hounds (Spider:2)
  2 ice beasts (D:6)
  19 orc warriors
  5 swamp drakes (Swamp:4)
  An ettin simulacrum (IceCv)
  3 black bears
  4 boggarts (Vaults:2)
  7 ogres
  6 centaurs
  3 wolves
  3 phantoms
  15 bullfrogs
  3 gnoll sergeants
  An earth elemental (Elf:3)
  A scorpion (D:3)
  6 deep troll simulacra (IceCv)
  3 wights (D:10)
  2 lindwurm simulacra (IceCv)
  Dowan (D:4)
  10 killer bees (D:15)
  9 electric eels
  5 howler monkeys
  A spectral centaur (D:4)
  8 hexers
  6 jellies
  A hound (D:5)
  14 orc priests
  3 iguanas
  An iguana (shapeshifter) (Vaults:5)
  A gnoll bouda (D:5)
  33 orc wizards
  Natasha (twice) (D:4)
  2 hound skeletons (D:4)
  8 mummies
  Robin (D:2)
  19 gnolls
  10 adders
  4 ufetubi
  An adder skeleton (D:4)
  A worm (D:2)
  2 dart slugs
  An adder simulacrum (D:4)
  62 orcs
  5 ball pythons
  13 endoplasms
  3 giant cockroaches
  12 goblins
  4 hobgoblins
  2 jackals
  6 kobolds
  A quokka (D:5)
  6 bats
  4 frilled lizards
  A gnoll zombie (Ossuary)
  A hobgoblin zombie (D:6)
  3 kobold zombies
  3 orc zombies
  A fire vortex (Zot:3)
  3 spectral weapons
1863 creatures vanquished.

Vanquished Creatures (collateral kills)
  An orb of fire (Zot:2)
  An ancient lich (Vaults:5)
  Josephina (Zot:4)
  5 caustic shrikes
  3 golden dragons
  A bone dragon (Zot:3)
  3 electric golems
  5 tentacled monstrosities
  4 Orb Guardians (Zot:5)
  2 quicksilver dragons
  A walking earthen tome (Depths:2)
  3 liches (Zot:1)
  2 death cobs
  3 storm dragons
  2 draconian monks (Zot:1)
  4 shadow dragons
  3 tengu reavers
  The ghost of Umpaher the Impaler, an adept DsGl of Gozag (Elf:2)
  A fire giant (Depths:2)
  An iron dragon (Depths:3)
  2 draconian knights
  4 vault wardens
  A frost giant (Vaults:5)
  2 emperor scorpions (Spider:4)
  A draconian scorcher (Zot:2)
  A draconian stormcaller (Zot:4)
  2 ghost moths (Zot:4)
  5 draconian shifters
  4 ironbound preservers
  4 stone giants
  3 draconian annihilators
  5 very ugly things
  A vampire knight (Depths:2)
  4 green draconians
  2 dire elephants (Vaults:2)
  3 black draconians
  2 white draconians
  A deep elf annihilator (Elf:3)
  2 red draconians
  A spark wasp (Spider:3)
  3 yellow draconians
  2 purple draconians
  A blizzard demon (Vaults:3)
  An ettin (shapeshifter) (D:13)
  9 vault guards (Vaults:5)
  2 yaktaur captains (Vaults:5)
  2 ice dragons
  A rakshasa (Depths:1)
  9 hydras
  A spriggan air mage (Depths:1)
  An ogre mage (Vaults:5)
  A radroach (Spider:2)
  3 alligators
  3 two-headed ogres
  3 death yaks
  A tengu warrior (D:15)
  3 centaur warriors
  5 dancing weapons
  A boulder beetle (Lair:4)
  A sun demon (Depths:2)
  An iron troll (Depths:4)
  A spriggan berserker (Depths:2)
  A soul eater (Zot:3)
  Amaemon (D:8)
  A goliath frog (Swamp:2)
  2 pharaoh ants
  8 deep trolls
  2 orb spiders
  A death drake (Zot:3)
  A spriggan druid (Swamp:4)
  A deep elf archer (Elf:1)
  A bog body (Swamp:4)
  2 lindwurms (Vaults:2)
  A phantasmal warrior (Vaults:5)
  An orc knight (Vaults:5)
  4 deep elf pyromancers
  A necromancer (Depths:3)
  3 wolf spiders
  A steelbarb worm (Spider:4)
  2 deep elf zephyrmancers
  6 ugly things
  4 moths of wrath
  An elephant (Lair:5)
  An orc sorcerer (Orc:2)
  A black mamba (Lair:2)
  A vault sentinel (Vaults:3)
  A cane toad (Lair:2)
  An unseen horror (D:10)
  3 komodo dragons
  4 yaktaurs
  A tengu conjurer (D:15)
  A freezing wraith (IceCv)
  A rime drake (Lair:2)
  2 ice devils (IceCv)
  2 hornets (Swamp:3)
  2 tyrant leeches (Swamp:2)
  2 meliai
  An alligator simulacrum (IceCv)
  A meliai (shapeshifter) (D:13)
  2 tarantellas
  3 blink frogs
  4 slime creatures
  9 jumping spiders
  3 water elementals
  4 spriggans
  An air elemental (Elf:2)
  A wyvern (Lair:3)
  3 culicivoras
  A basilisk (shapeshifter) (D:14)
  7 yaks
  2 basilisks
  3 vampire mosquitoes
  18 redbacks
  2 swamp worms (Swamp:1)
  A warg (D:12)
  Duvessa (D:4)
  A hydra simulacrum (Zot:2)
  4 water moccasins
  3 orc warriors
  An ogre (Orc:2)
  A boggart (Vaults:2)
  2 centaurs
  3 bullfrogs
  A scorpion (D:6)
  A killer bee (D:15)
  A jelly (D:5)
  An orc priest (Orc:1)
  2 hounds
  2 iguanas
  3 orc wizards
  A mummy (Ossuary)
  2 adders
  2 gnolls
  A shadow imp (D:5)
  An ufetubus (D:6)
  A dart slug (D:3)
  6 orcs
  An endoplasm (D:3)
  2 goblins (D:3)
  2 hobgoblins (D:3)
  2 bats (D:3)
  2 hobgoblin zombies
  A kobold (D:4)
  A kobold zombie (Ossuary)
  An orc zombie (Ossuary)
339 creatures vanquished.

Vanquished Creatures (others)
  2 storm dragons (Zot:4)
  A fire giant (Depths:4)
  A draconian shifter (Zot:1)
  A green draconian (Zot:4)
  A purple draconian (Zot:1)
  A deep elf annihilator (Elf:3)
  A two-headed ogre (D:12)
  An occultist (Depths:2)
  A wolf spider (Spider:1)
  A necromancer (Depths:3)
  A storm dragon simulacrum (Zot:4)
  A tormentor (Zot:3)
  A hellwing (Zot:3)
  A jumping spider (Spider:3)
  A spriggan (Depths:3)
  A hell hound (Depths:2)
  6 humans
  An orc wizard (D:7)
  A spectral hound (D:4)
  48 hexers
  An ancestor (D:3)
  An orc (Orc:2)
  11 foxfires (Swamp:2)
86 creatures vanquished.

Grand Total: 2288 creatures vanquished

Notes
Turn   | Place    | Note
-------+----------+-------------------------------------------
     0 | D:1      | Forgeling the Ghoul Wanderer began the quest for the Orb.
     0 | D:1      | Forgeling set off with the following items: a +0 short
                  | sword, a +0 chain mail, a scroll of fog, a potion of might.
     0 | D:1      | Reached XP level 1. HP: 14/14 MP: 0/0
    82 | D:1      | Reached skill level 1 in Fighting
   117 | D:1      | Reached XP level 2. HP: 22/24 MP: 1/1
   454 | D:2      | Reached XP level 3. HP: 26/30 MP: 2/2
   947 | D:2      | Reached XP level 4. HP: 36/40 MP: 3/3
  1312 | D:2      | Found a faded altar of an unknown god.
  1384 | D:2      | Prayed at the altar of an unknown god.
  1384 | D:2      | Became a worshipper of Hepliaklqana the Forgotten
  1384 | D:2      | Reached * piety under Hepliaklqana
  1486 | D:3      | Noticed Grinder
  1515 | D:2      | Paralysed by Grinder for 2 turns
  1527 | D:2      | Killed Grinder
  1528 | D:2      | Reached XP level 5. HP: 3/45 MP: 4/4
  1528 | D:2      | Reached XP level 6. HP: 3/52 MP: 5/5
  1722 | D:3      | Noticed Robin
  1811 | D:2      | Killed Robin
  1946 | D:3      | Found an ornate altar of the Wu Jian Council.
  2065 | D:3      | Identified the +11 war axe "Jomo" {heavy, Dex+2}
  2072 | D:3      | Reached skill level 1 in Polearms
  2154 | D:3      | Found Sofam's Magic Scroll Boutique.
  2164 | D:3      | Bought a scroll of fear for 40 gold pieces
  2164 | D:3      | Bought a scroll of teleportation for 30 gold pieces
  2164 | D:3      | Bought a scroll of identify for 20 gold pieces
  2164 | D:3      | Bought a scroll of poison for 40 gold pieces
  2201 | D:3      | Reached skill level 1 in Axes
  2201 | D:3      | Reached XP level 7. HP: 56/57 MP: 6/6
  2290 | D:4      | Reached skill level 2 in Axes
  2642 | D:4      | Noticed Duvessa
  2642 | D:4      | Noticed Dowan
  2650 | D:4      | Killed Duvessa
  2651 | D:4      | Reached skill level 3 in Axes
  2653 | D:4      | Killed Dowan
  2654 | D:4      | Reached skill level 4 in Axes
  2738 | D:4      | Noticed Natasha
  2743 | D:4      | Killed Natasha
  2748 | D:4      | Reached XP level 8. HP: 56/63 MP: 7/7
  2754 | D:4      | Identified the +3 dagger "Kayxal" {pain, rCorr}
  2816 | D:4      | Reached ** piety under Hepliaklqana
  2871 | D:4      | Found Ofaclubrer's General Store.
  2948 | D:4      | Found a burning altar of Makhleb.
  3037 | D:4      | Bought a scroll of identify for 24 gold pieces
  3089 | D:4      | Reached skill level 5 in Axes
  3119 | D:4      | Noticed Natasha
  3120 | D:4      | Killed Natasha
  3166 | D:5      | Entered Level 5 of the Dungeon
  3167 | D:5      | Remembered your ancestor Muriel as a hexer
  3196 | D:5      | Found an ancient bone altar of Kikubaaqudgha.
  3225 | D:5      | Found a broken altar of Ashenzari.
  3246 | D:5      | Reached skill level 6 in Axes
  3318 | D:5      | Found a sand-covered staircase.
  3324 | Ossuary  | Entered an ossuary
  3993 | D:5      | Reached skill level 7 in Axes
  4205 | D:5      | Found a hide-covered altar of Uskayaw.
  4419 | D:6      | Found a runed translucent door.
  4420 | D:6      | Identified the +1 ring mail of Supple Strength {Harm +Blink
                  | Str-3 Int-5}
  4420 | D:6      | Noticed CowFu's ghost (novice GnWn)
  4497 | D:6      | Reached skill level 8 in Axes
  4497 | D:6      | Reached XP level 9. HP: 70/70 MP: 8/8
  4499 | D:6      | Reached *** piety under Hepliaklqana
  4520 | D:6      | Reached skill level 9 in Axes
  4752 | D:6      | Reached skill level 10 in Axes
  5076 | D:7      | Noticed Joseph
  5290 | D:7      | Reached XP level 10. HP: 73/75 MP: 9/9
  5302 | D:7      | Noticed Menkaure
  5307 | D:7      | Killed Menkaure
  5308 | D:7      | Reached skill level 11 in Axes
  5400 | D:7      | Noticed Prince Ribbit
  5406 | D:7      | Killed Prince Ribbit
  5767 | D:7      | Found a staircase to the Ecumenical Temple.
  5819 | D:7      | Found a blossoming altar of Fedhas.
  6230 | D:8      | Reached skill level 1 in Evocations
  6389 | D:8      | Found a staircase to the Lair.
  6738 | D:9      | Reached **** piety under Hepliaklqana
  6795 | D:9      | Noticed a two-headed ogre
  6803 | D:9      | Killed a two-headed ogre
  6841 | D:9      | Reached skill level 1 in Invocations
  6890 | D:9      | Noticed Jeremiah
  6907 | D:10     | Entered Level 10 of the Dungeon
  7183 | D:9      | Reached skill level 5 in Invocations
  7190 | D:9      | Noticed Maurice
  7198 | D:9      | Killed Maurice
  7199 | D:9      | Reached skill level 12 in Axes
  7199 | D:9      | Reached XP level 11. HP: 64/81 MP: 13/13
  7283 | D:9      | Found a radiant altar of Vehumet.
  7297 | D:9      | Noticed a two-headed ogre
  7306 | D:9      | Killed a two-headed ogre
  7337 | D:9      | Noticed Amaemon
  7368 | D:8      | Killed Amaemon
  7534 | D:9      | Killed Jeremiah
  7629 | D:9      | Found a stormy altar of Qazlal.
  7639 | D:9      | Found a shadowy altar of Dithmenos.
  7767 | D:9      | Reached skill level 13 in Axes
  7946 | D:9      | Found Egulaiwi's Weapon Shoppe.
  8535 | D:10     | Found Diebumn's Armour Shop.
  8539 | D:10     | Bought a +3 ring mail of willpower for 260 gold pieces
  8574 | D:10     | Noticed a two-headed ogre
  8582 | D:10     | Killed a two-headed ogre
  8616 | D:10     | Noticed a manticore
  8618 | D:10     | Noticed a manticore
  8623 | D:10     | Killed a manticore
  8626 | D:10     | Killed a manticore
  8627 | D:10     | Reached skill level 14 in Axes
  8941 | D:11     | Found Aeareha's Alliterative Armaments.
  9014 | D:11     | Reached ***** piety under Hepliaklqana
  9114 | D:11     | Noticed a two-headed ogre
  9126 | D:11     | Killed a two-headed ogre
  9267 | D:11     | Noticed a two-headed ogre
  9453 | D:11     | Killed a two-headed ogre
  9454 | D:11     | Reached XP level 12. HP: 61/87 MP: 14/14
  9564 | D:11     | Noticed a two-headed ogre
  9575 | D:11     | Killed a two-headed ogre
  9576 | D:11     | Reached skill level 15 in Axes
  9756 | D:11     | Noticed Grum
  9774 | D:11     | Killed Grum
 10485 | D:7      | Killed Joseph
 10535 | D:6      | Killed CowFu's ghost
 10583 | D:15     | Identified the of Xearoeni
 10583 | Lair:1   | Entered Level 1 of the Lair of Beasts
 11018 | Lair:1   | Identified the +6 dagger of Qothryme {pain, rF+++ rC-
                  | Int+7}
 11039 | Lair:1   | Noticed Harold
 11054 | Lair:1   | Killed Harold
 11350 | Lair:1   | Reached skill level 5 in Armour
 12046 | Lair:2   | Noticed a death yak
 12046 | Lair:2   | Noticed a death yak
 12046 | Lair:2   | Noticed a death yak
 12077 | Lair:2   | Killed a death yak
 12078 | Lair:2   | Reached XP level 13. HP: 98/99 MP: 15/15
 12169 | Lair:2   | Found a staircase to the Swamp.
 12274 | Lair:2   | Reached skill level 10 in Fighting
 12346 | Lair:2   | Found a broken altar of Ashenzari.
 12780 | Lair:2   | Found a hole to the Spider Nest.
 14068 | Lair:4   | Identified the "Xete"
 14149 | Lair:4   | Reached skill level 1 in Dodging
 14200 | Lair:4   | Reached XP level 14. HP: 74/114 MP: 17/17
 15357 | Lair:5   | Entered Level 5 of the Lair of Beasts
 15619 | Lair:5   | Reached ****** piety under Hepliaklqana
 15878 | Lair:5   | Reached skill level 5 in Dodging
 15925 | Lair:5   | Found a viscous altar of Jiyva.
 16029 | Lair:5   | Found a staircase to the Slime Pits.
 16120 | Lair:5   | Reached XP level 15. HP: 99/123 MP: 20/20
 16130 | Lair:5   | Reached skill level 10 in Armour
 17567 | D:12     | Reached skill level 5 in Evocations
 17783 | D:12     | Reached skill level 10 in Invocations
 18373 | D:12     | Found a staircase to the Orcish Mines.
 19004 | Orc:1    | Entered Level 1 of the Orcish Mines
 19004 | Orc:1    | Noticed an orc warlord
 19331 | D:12     | Killed an orc warlord
 19658 | Orc:2    | Entered Level 2 of the Orcish Mines
 19693 | Orc:2    | Found a staircase to the Elven Halls.
 20391 | Orc:2    | Found Awkus's Antique Armour Emporium.
 20422 | Orc:2    | Found a radiant altar of Vehumet.
 20467 | Orc:2    | Found Wacicog's Distillery.
 20479 | Orc:2    | Noticed Nergalle
 20507 | Orc:2    | Reached XP level 16. HP: 122/131 MP: 22/22
 20507 | Orc:2    | Killed Nergalle
 20531 | Orc:2    | Found Yweat's Distillery.
 20546 | Orc:2    | Found Futuk's Book Emporium.
 20563 | Orc:2    | Found an ancient bone altar of Kikubaaqudgha.
 20762 | Orc:2    | Bought a pair of embroidered gloves for 262 gold pieces
 21422 | D:13     | Found a gate to the Vaults.
 21706 | D:13     | Reached skill level 10 in Evocations
 22293 | D:14     | Identified 3 scrolls of acquirement
 22332 | D:14     | Noticed Roxanne
 22891 | D:14     | Acquired the +1 cloak of Starlight {*Dazzle EV+4 Stlth--}
 22891 | D:14     | Found the +1 cloak of Starlight {*Dazzle EV+4 Stlth--}
 22907 | D:14     | Acquired the +0 hat of the Dice {Will+}
 22923 | D:14     | Acquired the amulet of Scepticism {RegenMP rCorr Dex+9
                  | Stlth+}
 22946 | D:15     | Entered Level 15 of the Dungeon
 23798 | D:15     | Reached skill level 1 in Shields
 23981 | D:15     | Found a staircase to the Depths.
 24893 | D:14     | Reached skill level 5 in Stealth
 24935 | D:14     | Killed Roxanne
 25254 | D:10     | Bought a +3 plate armour of poison resistance for 420 gold
                  | pieces
 25415 | Spider:1 | Entered Level 1 of the Spider Nest
 25465 | Spider:1 | Identified the +9 flail "Bupu" {freeze, Stlth+}
 25637 | Spider:1 | Reached XP level 17. HP: 86/136 MP: 23/23
 25762 | Spider:1 | Identified the +4 rapier of Ruination {heavy, rPois Str+7
                  | Dex+3 Stlth-}
 25846 | Spider:1 | Reached skill level 5 in Shields
 25981 | Spider:1 | Identified the +3 chain mail "Erakk" {Stlth+}
 26864 | Spider:2 | Noticed Kirke
 26873 | Spider:2 | Killed Kirke
 27379 | Spider:2 | Reached skill level 10 in Dodging
 27695 | Spider:2 | Noticed Azrael
 27713 | Spider:2 | Killed Azrael
 28651 | Spider:3 | Reached skill level 10 in Shields
 28786 | Spider:3 | Reached skill level 16 in Axes
 28789 | Spider:3 | Reached XP level 18. HP: 113/144 MP: 24/24
 29176 | Spider:4 | Entered Level 4 of the Spider Nest
 29211 | Spider:4 | Noticed Arachne
 29226 | Spider:4 | Killed Arachne
 29235 | Spider:4 | Noticed Asterion
 29249 | Spider:4 | Killed Asterion
 29939 | Spider:4 | Reached skill level 17 in Axes
 30506 | Spider:4 | Got a gossamer rune of Zot
 30693 | Swamp:1  | Entered Level 1 of the Swamp
 30749 | Swamp:1  | Found a frozen archway.
 30767 | IceCv    | Entered an ice cave
 30819 | IceCv    | Found the +3 pair of seven-league boots {Rampage+∞}
 30837 | IceCv    | Reached skill level 18 in Axes
 30837 | IceCv    | Reached XP level 19. HP: 151/151 MP: 25/25
 31080 | IceCv    | Identified the staff "Lunk" {rElec rF+ rN++ Int-4 Dex+2
                  | Fire}
 31349 | IceCv    | Reached skill level 15 in Fighting
 32295 | Swamp:2  | Reached XP level 20. HP: 161/161 MP: 26/26
 33544 | Swamp:4  | Identified the "Fumil"
 33544 | Swamp:4  | Entered Level 4 of the Swamp
 34130 | Swamp:4  | Got a decaying rune of Zot
 34207 | Swamp:4  | Acquired the +3 crystal plate armour of Death Resistance
                  | {Rampage}
 34473 | Vaults:1 | Entered Level 1 of the Vaults
 34678 | Vaults:1 | Found Tilat's Weapon Emporium.
 35238 | Vaults:1 | You fall into a shaft and drop 1 floor!
 35492 | Vaults:1 | Reached XP level 21. HP: 157/169 MP: 29/29
 36148 | Vaults:2 | Found Watiz's Weapon Emporium.
 36775 | Vaults:2 | Found a staircase to the Crypt.
 36775 | Vaults:2 | Found an ancient bone altar of Kikubaaqudgha.
 36776 | Vaults:2 | Found a basalt altar of Yredelemnul.
 37471 | Vaults:3 | Found a transporter.
 37515 | Vaults:3 | Found a transporter.
 38215 | Vaults:3 | Identified the +1 scale mail of the Giraffatuar {Fly rCorr
                  | Str-3 SInv}
 39563 | Vaults:4 | Reached skill level 15 in Armour
 39568 | Vaults:4 | Reached XP level 22. HP: 144/180 MP: 30/30
 40063 | Vaults:3 | Identified the ring of Mabojubb {Wiz rF+}
 40073 | Vaults:3 | Identified the ring of Alouq {rC++ Str+3 Int+6}
 40082 | Vaults:3 | Identified the amulet "Yhoumy Tecuk" {Faith rPois Regen+
                  | Int-5}
 40350 | Crypt:3  | Identified the of Zecehex
 40350 | Elf:1    | Identified the of Uthryar
 40350 | Elf:1    | Entered Level 1 of the Elven Halls
 41703 | Elf:2    | Found a runed translucent gate.
 41703 | Elf:2    | Found a runed translucent gate.
 41704 | Elf:2    | Found a runed translucent gate.
 41705 | Elf:2    | Noticed Umpaher's ghost (adept DsGl)
 41705 | Elf:2    | Noticed Stellion's ghost (adept HuCj)
 41909 | Elf:2    | Paralysed by an air elemental for 1 turns
 41987 | Elf:2    | Found a runed translucent gate.
 41987 | Elf:2    | Found a runed translucent gate.
 41987 | Elf:2    | Found a runed translucent gate.
 41987 | Elf:2    | Noticed Jorgrun
 41994 | Elf:2    | Killed Jorgrun
 42180 | Elf:2    | Reached skill level 19 in Axes
 42295 | Elf:2    | Noticed Agnes
 42305 | Elf:2    | Killed Agnes
 43085 | Elf:2    | Killed Stellion's ghost
 43095 | Elf:2    | Killed Umpaher's ghost
 43225 | Elf:3    | Identified the "Fugriem"
 43225 | Elf:3    | Entered Level 3 of the Elven Halls
 43255 | Elf:3    | Paralysed by an air elemental for 1 turns
 43261 | Elf:3    | Paralysed by an air elemental for 1 turns
 43265 | Elf:3    | Paralysed by an air elemental for 1 turns
 43538 | Elf:3    | Paralysed by an air elemental for 1 turns
 43561 | Elf:3    | Found a radiant altar of Vehumet.
 43865 | Elf:3    | Identified the +1 great mace of Annihilation {pain,
                  | *Corrode Will+ Str+5}
 43889 | Elf:3    | Identified the amulet of Traps {Faith *Slow rN++ Int+4}
 43914 | Elf:3    | Identified the +5 rapier "Fosaopp" {freeze, Dex+2}
 43981 | Elf:3    | Identified the +8 war axe of Extinguishment {speed, rPois}
 44019 | Elf:3    | Identified the +11 orcbow of Poverty {heavy, Dex+5}
 44036 | Elf:3    | Found the macabre finger necklace {Finger+ rN+}
 44054 | Elf:3    | Identified the +7 long sword of Reoxuece {heavy, rPois
                  | Int+5}
 44065 | Elf:3    | Identified the +7 trident of Dur Mopn {drain, Fly rN+
                  | Will+}
 44705 | Depths:1 | Entered Level 1 of the Depths
 44861 | Depths:1 | Found a gateway to Hell.
 44910 | Depths:1 | Reached XP level 23. HP: 188/188 MP: 31/31
 44933 | Depths:1 | Noticed Louise
 44944 | Depths:1 | Killed Louise
 44951 | Depths:1 | Found a one-way gate to the infinite horrors of the Abyss.
 44957 | Depths:1 | You fall into a shaft and drop 1 floor!
 45342 | Depths:2 | Found a hide-covered altar of Uskayaw.
 45497 | Depths:1 | Found a runed translucent door.
 45734 | Depths:1 | Found an iron altar of Okawaru.
 45920 | Depths:1 | Found Ugipn's General Store.
 45939 | Depths:1 | Bought the ring of the Tortoise {AC+8} for 2048 gold pieces
 45939 | Depths:1 | Found the ring of the Tortoise {AC+8}
 46235 | Depths:2 | Found a one-way gate leading to the halls of Pandemonium.
 46500 | Depths:2 | Noticed a juggernaut
 46514 | Depths:2 | Killed a juggernaut
 46552 | Depths:2 | Noticed a caustic shrike
 46555 | Depths:2 | Noticed a caustic shrike
 46560 | Depths:2 | Noticed a caustic shrike
 46567 | Depths:2 | Killed a caustic shrike
 46569 | Depths:2 | Killed a caustic shrike
 46574 | Depths:2 | Killed a caustic shrike
 47343 | Depths:2 | Found a snail-covered altar of Cheibriados.
 47467 | Depths:3 | Found Huoroj's Overcharged Wands.
 47705 | Depths:3 | Reached XP level 24. HP: 198/198 MP: 31/31
 47769 | Depths:3 | Reached skill level 20 in Axes
 47844 | Depths:3 | Identified the +1 scimitar of Disgust {freeze, *Slow +Blink
                  | rPois Dex+6}
 48237 | Depths:3 | Found a one-way gateway to a ziggurat.
 48336 | Depths:4 | Entered Level 4 of the Depths
 48534 | Depths:4 | Noticed a caustic shrike
 48541 | Depths:4 | Killed a caustic shrike
 48551 | Depths:4 | Noticed a caustic shrike
 48557 | Depths:4 | Noticed a caustic shrike
 48559 | Depths:4 | Killed a caustic shrike
 48559 | Depths:4 | Noticed a caustic shrike
 48560 | Depths:4 | Noticed a caustic shrike
 48564 | Depths:4 | Killed a caustic shrike
 48569 | Depths:4 | Killed a caustic shrike
 48571 | Depths:4 | Killed a caustic shrike
 48639 | Depths:4 | Found a gate to the Realm of Zot.
 48936 | Depths:4 | Found a gateway to a bazaar.
 48939 | Depths:4 | Found the +5 glaive of the Guard {elec, spectral}
 49121 | Depths:4 | Found a large runed translucent door.
 49122 | Depths:4 | Found a large runed translucent door.
 49124 | Depths:4 | Noticed Feloef's ghost (veteran GnWn)
 49465 | Depths:4 | Killed Feloef's ghost
 49529 | Bazaar   | Entered a bazaar
 49529 | Bazaar   | Found Lunas's Magic Scroll Emporium.
 49539 | Bazaar   | Found Davorgh's Antique Armour Boutique.
 49550 | Bazaar   | Found Yfumytam's Book Shoppe.
 49558 | Bazaar   | Found Xolum's General Store.
 49569 | Bazaar   | Found Qiodeame's Antique Weapon Boutique.
 49602 | Bazaar   | Bought a faintly glowing helmet for 218 gold pieces
 49602 | Bazaar   | Identified the +2 helmet of the Loofah {Rampage rPois rF-
                  | Str+6} (You bought it in a shop in a bazaar)
 49613 | Bazaar   | Bought a scroll of fear for 48 gold pieces
 49613 | Bazaar   | Bought a scroll of revelation for 90 gold pieces
 49955 | Vaults:5 | Entered Level 5 of the Vaults
 49991 | Vaults:5 | Noticed an ancient lich
 50009 | Vaults:5 | Killed an ancient lich
 50112 | Vaults:5 | Identified the amulet "Etular" {RegenMP Str+3}
 50145 | Vaults:5 | Reached XP level 25. HP: 207/207 MP: 31/31
 50167 | Vaults:5 | Noticed Mennas
 50192 | Vaults:5 | Killed Mennas
 50301 | Vaults:5 | Identified the +6 executioner's axe of Wealth {freeze,
                  | Stlth+}
 50329 | Vaults:5 | Identified the +2 pair of boots "Saloan" {rN+}
 50369 | Vaults:5 | Identified the +6 ring mail "Wiych" {rElec rC+}
 50547 | Vaults:5 | Got a silver rune of Zot
 50796 | Vaults:5 | Identified the +8 trident of the Stork {flame, rPois Str+4
                  | Dex+6}
 50834 | Vaults:5 | Identified the +2 war axe of Malum In Se {drain, Fragile
                  | rElec rCorr MP+9}
 50857 | Vaults:5 | Identified the ring "Efan" {Str-2 Int+6 Dex+6 Slay+3}
 50881 | Vaults:5 | Identified the +3 leather armour of Morality {rF++ Int+4}
 50881 | Vaults:5 | Identified the amulet of Mistrust {Faith Fragile rElec
                  | Str+3 Int+2}
 51127 | Vaults:5 | Identified the +7 rapier of the Hundredfold Beasts {elec,
                  | rElec rC+ Stlth-}
 51141 | Vaults:5 | Identified the amulet of the Rabble {Harm Rampage rC++
                  | Regen+ MP+9}
 51588 | Zot:1    | Entered Level 1 of the Realm of Zot
 51595 | Zot:1    | Noticed a dread lich
 51681 | Zot:1    | Paralysed by a dread lich for 5 turns
 51694 | Zot:1    | Killed a dread lich
 51695 | Zot:1    | Reached skill level 21 in Axes
 51695 | Zot:1    | Reached skill level 15 in Dodging
 51697 | Zot:1    | Reached skill level 15 in Shields
 51727 | Zot:1    | Noticed an ancient lich
 51745 | Zot:1    | Killed an ancient lich
 52251 | Zot:1    | Reached XP level 26. HP: 210/217 MP: 31/31
 52311 | Zot:1    | Found a transporter.
 52311 | Zot:1    | Identified the -2 cloak of the Prince of Darkness {rF+
                  | Str+4 Int+2 Slay+2}
 52313 | Zot:1    | Noticed Vaid's ghost (master GnFi)
 52316 | Zot:1    | Found a bloodstained altar of Trog.
 52337 | Zot:1    | Found a transporter.
 52338 | Zot:1    | Identified the +0 cloak of Mesoha {Harm rElec rC+}
 53338 | Zot:2    | Noticed a shard shrike
 53338 | Zot:2    | Noticed an orb of fire
 53359 | Zot:2    | Killed an orb of fire
 53405 | Zot:2    | Killed a shard shrike
 54278 | Zot:3    | Reached skill level 22 in Axes
 55231 | Zot:3    | Noticed a Killer Klown
 55252 | Zot:3    | Killed a Killer Klown
 55460 | Zot:3    | Noticed a dread lich
 55464 | Zot:3    | Noticed an ancient lich
 55490 | Zot:3    | Killed a dread lich
 55512 | Zot:3    | Killed an ancient lich
 56192 | Zot:4    | Reached XP level 27. HP: 225/225 MP: 31/31
 56255 | Zot:4    | Identified the ring "Zarinius" {Ice Drain Will+ Str+4}
 56255 | Zot:4    | Noticed Josephina
 56276 | Zot:4    | Killed Josephina
 58370 | Zot:4    | Reached skill level 23 in Axes
 58696 | Zot:5    | Entered Level 5 of the Realm of Zot
 58969 | Zot:5    | Noticed an orb of fire
 58981 | Zot:5    | Noticed an orb of fire
 58982 | Zot:5    | Noticed an orb of fire
 58985 | Zot:5    | Noticed an orb of fire
 58987 | Zot:5    | Killed an orb of fire
 58998 | Zot:5    | Noticed a dread lich
 59009 | Zot:5    | Killed an orb of fire
 59328 | Zot:4    | Killed an orb of fire
 59505 | Zot:5    | Killed an orb of fire
 59512 | Zot:5    | Killed a dread lich
 60494 | Zot:5    | Got the Orb of Zot
 60541 | Zot:5    | Noticed Sucw the pandemonium lord
 60603 | Zot:3    | Noticed Judghorhy the pandemonium lord
 60621 | Zot:3    | Killed Judghorhy the pandemonium lord
 61150 | D:$      | Escaped with the Orb!

Illustrated notes

Levels and vault maps discovered:
D:1:      minmay_arrival_three_doors, layout_basic, glass_columns_b,
          minmay_cupped
D:2:      layout_loops_ring, dilly_ecumenical_altar_fadedgnrine
D:3:      layout_rooms, nzn_wu_jian_contemplation, serial_shops, shop,
          mrwooster_statue_mirror, uniq_robin, uniq_grinder
D:4:      dreamdust_elfheim, layout_loops_ring, bloody_makhleb, serial_shops,
          nicolae_shop_statue_plus, dilly_guarded_unrand_morg
D:5:      layout_layer_cave, mainiacjoe_overflow_concentric_impassable,
          tgw_kikubaaqudgha, nicolae_ashenzari_panopticon,
          nicolae_ossuary_entry_plus
D:6:      kennysheep_spiral_hall, layout_cave_pools,
          hellmonk_ghost_happy_afterlife, minmay_misc_feat_pillars,
          minmay_mini_ossuary
D:7:      layout_basic, tso_altar, mainiacjoe_overflow_brackets,
          minmay_temple_entry_statues_fountains, uniq_prince_ribbit1,
          uniq_joseph, uniq_menkaure
D:8:      nicolae_moon_pools, layout_cave_pools
D:9:      layout_loops_cross, mainiacjoe_overflow_catwalk_spiral,
          fiery_altar_vehumet, serial_shops, kennysheep_mini, uniq_amaemon,
          uniq_jeremiah, uniq_maurice
D:10:     layout_roguey, serial_shops, shop
D:11:     layout_stronghold, monkooky_shop_alliterative, uniq_grum
D:12:     minmay_inside_and_out, layout_gridville, david_orc_4
D:13:     layout_basic, david_vaults_2
D:14:     layout_loops_ring, nicolae_two_hexagons, uniq_roxanne
D:15:     grunt_enter_depths_snipers, layout_stronghold,
          dreamdust_princess_bridge, nicolae_looking_at_the_future
Lair:1:   layout_roguey, uniq_harold
Lair:2:   layout_chaotic_city, nicolae_swamp_entry_splash_gauntlet,
          nicolae_spider_entry_tight_spaces, basic_altar, grunt_megastairs_4,
          infiniplex_staircase_pool
Lair:3:   layout_cave_pods, st_stairs_10
Lair:4:   layout_roguey, minmay_shattered_shrine
Lair:5:   evilmike_catoblepas_cave, layout_regular_city,
          nicolae_slime_entry_slimehenge, pdpol_lair_cavern_descent
Swamp:1:  layout_basic_swamp, portal_ice_cave_entry_frozen_things,
          hangedman_swamp_lotus
Swamp:2:  layout_basic_swamp, evilmike_swamp_ruin_house_1, swamp_pool2
Swamp:3:  layout_falls_marsh, nicolae_swamp_ascending_descending, swamp_pool4
Swamp:4:  swamp, layout_basic_swamp, swamp_pool3
Spider:1: layout_cave_pods, nicolae_spider_baby_got_redback
Spider:2: layout_chambers, nicolae_spider_claw_tunnel, uniq_kirke, uniq_azrael
Spider:3: layout_spider_delve
Spider:4: spider_rune_water, uniq_asterion, uniq_arachne
Orc:1:    layout_caves
Orc:2:    kennysheep_orc_mage_school, layout_diamond_mine
Elf:1:    elf_arrival_002, layout_onion_city, minmay_elf_annihilation
Elf:2:    nicolae_elf_blades_splatter_lattice [nicolae_blade_tridents],
          layout_gridlike, gammafunk_ghost_cemetery, uniq_agnes, uniq_jorgrun
Elf:3:    grunt_elf_hall_diamonds, layout_onion_city, basic_altar, drop_trap
Vaults:1: nicolae_vaults_security_offices_3, nicolae_vaults_house_3,
          nicolae_vaults_little_squares_2, vaults_room_ringed_pool,
          nicolae_vaults_taking_the_gang_shopping, v_misc_30,
          vaults_room_stairs_pillars, ontoclasm_vaults_shuriken,
          nicolae_vaults_sightless_eye, nicolae_vaults_asterisk, v_misc_14,
          nicolae_vaults_three_branches, v_misc_16,
          nicolae_vaults_variable_pillar_hall, layout_vaults_omnibox
Vaults:2: vaults_standard_mumra_lines, ontoclasm_vaults_eye,
          nicolae_vaults_big_ls, nicolae_vaults_hallways_thing,
          ontoclasm_vaults_ring_square, nicolae_vaults_double_plus_1,
          nicolae_vaults_tetromino_L_2, nicolae_vaults_house_1, v_misc_11,
          minmay_crypt_entry_necro_gods, layout_vaults_quadrants, serial_shops,
          nicolae_shop_bloodbath_and_beyond
Vaults:3: v_misc_26, hangedman_vaults_stagger, v_pattern_1,
          gammafunk_its_a_trap, nicolae_vaults_network_square,
          nicolae_vaults_shelves_hall, nicolae_vaults_stepped_doors,
          hangedman_vaults_nodes, ontoclasm_vaults_claustrophobia,
          layout_vaults_omnicross
Vaults:4: vaults_mumra_lcd, v_alt_pattern_4, grunt_vaults_diagonal,
          hangedman_vaults_hat, nicolae_vaults_network_star,
          ontoclasm_vaults_pinch, nicolae_vaults_little_squares_6,
          layout_vaults_chaotic_city
Vaults:5: uniq_mennas
Depths:1: layout_cave_pools, hell_entry, nicolae_abyss_entry_one_way_or_another,
          okawaru_ov_weapons_minmay, serial_shops,
          nicolae_shop_tiny_real_fake_doors, minmay_hidden_floor
Depths:2: pf_snail_temple, layout_long_grid, pan_entry,
          nicolae_hell_entry_hellmouth_sunbeams, serial_rivers,
          chequers_serial_rivers_micro_b, chequers_serial_rivers_micro_e,
          chequers_serial_rivers_room_b, chequers_serial_rivers_large_b,
          nicolae_uskayaw_en_pointe, infiniplex_staircase_pillars_2
Depths:3: dreamdust_experimentation, layout_gridlike, enter_ziggurat_e,
          grunt_hell_entry_dis_mu, abyss_entry_glasseish,
          nicolae_shop_overcharged_wands
Depths:4: grunt_zot_entry_tricorne, layout_gridville, rand_demon_pan_entry_4,
          ebering_ghost_disaster_area, serial_shops, bzr_entry_islet,
          elyvilon_altar_3, hangedman_geh_valley
Zot:1:    hellmonk_crystal_mountain, layout_onion_interference,
          gammafunk_ghost_wrathful_warriors
Zot:2:    layout_cathedral_of_symmetry, hangedman_zot_gyre,
          hangedman_elemental_grid_stream, uniq_grunn
Zot:3:    hangedman_snap_crack_crunch, layout_cathedral_of_symmetry, st_stairs_8
Zot:4:    layout_misc_corridors, bh_zot_lava_cross, zot_minivault_2,
          uniq_josephina
Zot:5:    layout_basic

Skill      XL: |  1  2  3  4  5  6  7  8  9 10 11 12 13 14 15 16 17 18 19 20 21 22 23 24 25 26 27 |
---------------+----------------------------------------------------------------------------------+-----
Fighting       | 1 2 3 6 9 12 13 14 15 16 17 18 19 20 21 22 | 22.5
Polearms       | 2 |  2.1
Axes           | 1 4 8 10 12 14 15 16 18 19 20 21 22 23 | 23.8
Evocations     | 4 8 10 | 10.0
Invocations    | 5 6 8 10 13 | 13.0
Armour         | 6 8 9 11 12 14 15 16 17 18 19 | 19.5
Dodging        | 2 5 6 8 10 11 12 13 14 15 16 17 | 17.1
Throwing       | 4 |  4.7
Stealth        | 5 |  5.1
Shields        | 4 10 11 12 13 14 15 16 17 | 17.1
Short Blades   | |  3.6

Action                     |  1- 3 |  4- 6 |  7- 9 | 10-12 | 13-15 | 16-18 | 19-21 | 22-24 | 25-27 || total
---------------------------+-------+-------+-------+-------+-------+-------+-------+-------+-------++-------
  Melee: Short sword       |   159 |   103 |       |       |       |       |       |       |       ||   262
         Punch             |       |     2 |     1 |     5 |     5 |     2 |       |       |       ||    15
         Spear             |       |    57 |       |       |       |       |       |       |       ||    57
         War axe           |       |     6 |   142 |   248 |   594 |   780 |   807 |   287 |       ||  2864
         Broad axe         |       |       |       |       |       |       |       |   905 |  1617 ||  2522
   Fire: Sling             |    11 |       |       |       |       |       |       |       |       ||    11
  Throw: Dart              |       |       |       |    26 |     4 |       |       |       |       ||    30
 Invoke: Ancestor Life: He |       |       |     1 |       |       |       |       |       |       ||     1
         Recall Ancestor   |       |       |       |     1 |     1 |       |     4 |     1 |     5 ||    12
         Idealise          |       |       |       |       |       |     4 |     1 |     5 |     2 ||    12
  Evoke: Wand              |       |       |       |     7 |     2 |    10 |       |     1 |    11 ||    31
         Tin of tremorston |       |       |       |       |     4 |     4 |     2 |     4 |     4 ||    18
         Phantom mirror    |       |       |       |       |       |       |       |       |     1 ||     1
    Use: Potion            |       |     4 |       |       |       |     3 |     1 |     4 |     9 ||    21
         Scroll            |       |     2 |     4 |     6 |     6 |     9 |     3 |    14 |    27 ||    71
   Stab: Confused          |       |       |     5 |     5 |    17 |    25 |    71 |   120 |   124 ||   367
         Distracted        |       |       |     1 |     2 |    13 |    12 |     9 |    16 |    34 ||    87
         Invisible         |       |       |       |     1 |       |    27 |    16 |    25 |    48 ||   117
         Paralysed         |       |       |       |     2 |    23 |    94 |    50 |    63 |    62 ||   294
 Armour: Chain mail        |    99 |   163 |   160 |   184 |       |       |       |       |       ||   606
         Ring mail         |       |       |       |   110 |   488 |   174 |       |       |       ||   772
         Plate armour      |       |       |       |       |       |   437 |   250 |       |       ||   687
         Ice dragon scales |       |       |       |       |       |       |    19 |       |       ||    19
         Crystal plate arm |       |       |       |       |       |       |   322 |   719 |  1067 ||  2108
  Dodge: Dodged            |    48 |    47 |    61 |   134 |   406 |   671 |   448 |   452 |   793 ||  3060
  Block: Kite shield       |       |       |       |       |       |   553 |   548 |   660 |   993 ||  2754
         Reflection        |       |       |       |       |       |       |    20 |    15 |     1 ||    36

Table legend: (Time is in decaauts)
 A = Elapsed time spent in this place.
 B = Non-inter-level travel time spent in this place.
 C = Inter-level travel time spent in this place.
 D = Time resting spent in this place.
 E = Time spent auto-exploring this place.
 F = Levels seen in this place.
 G = Mean time per level.
                   A        B        C        D        E       F      G
               +--------+--------+--------+--------+--------+-----+--------+
         Total |  61101 |  54536 |   6565 |   2546 |  39801 |  50 | 1222.0 |
       Dungeon |  18455 |  15688 |   2767 |   1355 |  11156 |  15 | 1230.3 |
          Lair |   7307 |   6592 |    715 |    346 |   4978 |   5 | 1461.4 |
         Swamp |   2935 |   2746 |    189 |    131 |   1861 |   4 |  733.8 |
   Spider Nest |   5433 |   5193 |    240 |      0 |   3823 |   4 | 1358.2 |
  Orcish Mines |   1591 |   1302 |    289 |      0 |    955 |   2 |  795.5 |
   Elven Halls |   4426 |   4047 |    379 |    191 |   3208 |   3 | 1475.3 |
        Vaults |   7154 |   6525 |    629 |      4 |   5144 |   5 | 1430.8 |
        Depths |   5289 |   4623 |    666 |     60 |   3533 |   4 | 1322.2 |
           Zot |   7486 |   6800 |    686 |    458 |   4608 |   5 | 1497.2 |
        Bazaar |    121 |    121 |      0 |      0 |     51 |   1 |  121.0 |
       Ossuary |    176 |    176 |      0 |      0 |     97 |   1 |  176.0 |
      Ice Cave |    721 |    721 |      0 |      0 |    385 |   1 |  721.0 |
               +--------+--------+--------+--------+--------+-----+--------+

Top non-repeatable levels by time:
   Zot:3: 2244 daAuts
    D:12: 2020 daAuts
   Elf:2: 1956 daAuts
    D:15: 1944 daAuts
Depths:2: 1885 daAuts
  Lair:2: 1764 daAuts
  Lair:5: 1716 daAuts
    D:11: 1711 daAuts
Spider:2: 1660 daAuts
Vaults:2: 1641 daAuts
Vaults:4: 1605 daAuts
   Zot:4: 1594 daAuts
   Zot:2: 1511 daAuts
  Lair:4: 1503 daAuts
    D:14: 1460 daAuts
